 Dungeon Crawl Stone Soup version 0.31-b1-18-g61460d1e46 (webtiles) character file.

Game seed: 9798728622161459302

37225 Sinnistrad the Impaler (level 13, -5/123 HPs)
             Began as a Minotaur Fighter on Jan 16, 2024.
             Was an Initiate of Yredelemnul.
             Slain by a skyshark (7 damage)
             ... on level 5 of the Lair of Beasts.
             The game lasted 01:22:54 (16182 turns).

Sinnistrad the Impaler (Minotaur Fighter)          Turns: 16182, Time: 01:22:55

Health: -5/123     AC: 13    Str: 26    XL:     13   Next: 57%
Magic:  12/12      EV: 12    Int:  5    God:    Yredelemnul [......]
Gold:   1019       SH:  0    Dex: 10    Spells: 12/12 levels left

rFire   + . .        i - +5 spear (vamp)
rCold   x . .        c - +0 buckler
rNeg    . . .        b - +2 scale mail
rPois   .            (helmet restricted)
rElec   .            (no cloak)
rCorr   .            (no gloves)
SInv    +            r - +0 pair of boots
Will    .....        m - amulet of magic regeneration Stlth
                     j - ring of see invisible
HPRegen 0.40/turn    g - ring of fire
MPRegen 0.53/turn

%: no passive effects
@: confused, lethally poisoned (-5 -> -33), about to teleport, ambrosia-drunk
A: horns 2, retaliatory headbutt
a: Renounce Religion, Recall Undead Harvest


You were on level 5 of the Lair of Beasts.
You worshipped Yredelemnul.
Yredelemnul was noncommittal.
You visited 2 branches of the dungeon, and saw 15 of its levels.

You collected 1019 gold pieces.

Inventory:

Hand Weapons
 a - a +1 trident
 i - a +5 vampiric spear (weapon)
 l - a +2 flail of holy wrath
 w - a +0 club
 I - the +7 battleaxe of the Butterfly {spect, ^Fragile Int+3 Dex+5}
   (You found it on level 3 of the Lair of Beasts)

   Int+3:     It affects your intelligence (+3).
   Dex+5:     It affects your dexterity (+5).
   ^Fragile:  It will be destroyed if unequipped.
Missiles
 o - 3 throwing nets (quivered)
Armour
 b - a +2 scale mail (worn)
 c - a +0 buckler (worn)
 r - a +0 pair of boots (worn)
 t - a +1 pair of gloves
Magical Staves
 h - a staff of death
Jewellery
 g - a ring of fire (right hand)
 j - a ring of see invisible (left hand)
 m - an amulet of magic regeneration (around neck)
 y - a ring of protection from fire
 B - a ring of protection from cold
 H - a +4 ring of protection
 K - a +6 ring of intelligence
Wands
 s - a wand of flame (11)
 x - a wand of digging (5)
 L - a wand of charming (8)
Scrolls
 f - 7 scrolls of identify
 n - a scroll of poison
 u - a scroll of noise
 D - 2 scrolls of teleportation
 E - 3 scrolls of fog
Potions
 d - 2 potions of might
 e - a potion of magic
 k - 3 potions of degeneration
 q - 3 potions of attraction
 v - 2 potions of berserk rage
 F - a potion of heal wounds {unknown}
 G - a potion of haste
 J - a potion of cancellation {unknown}
 M - a potion of mutation {unknown}


   Skills:
 + Level 13.9 Fighting
 + Level 15.0 Polearms
 + Level 14.3 Armour
 + Level 7.7 Dodging
 + Level 5.8 Stealth
 + Level 9.4 Shields


You had 12 spell levels left.
You didn't know any spells.
Your spell library contained the following spells:

 Spells                   Type           Power      Damage    Failure   Level
 Slow                     Hex            0%         N/A       73%         1
 Scorch                   Fire           0%         2d5       86%         2
 Call Canine Familiar     Summ           0%         N/A       97%         3
 Confusing Touch          Hex            0%         N/A       97%         3
 Sigil of Binding         Hex            0%         N/A       97%         3
 Vampiric Draining        Necr           0%         2d6       97%         3
 Dimensional Bullseye     Hex/Tloc       0%         N/A       100%        4
 Flame Wave               Conj/Fire      0%         2d4       100%        4
 Leda's Liquefaction      Alch/Erth      0%         N/A       100%        4
 Lee's Rapid Deconstruct  Erth           0%         3d4*      100%        5
 Bombard                  Conj/Erth      0%         9d1       100%        6
 Summon Cactus Giant      Summ           0%         N/A       100%        6
 Malign Gateway           Summ/Tloc      0%         N/A       100%        7
 Summon Horrible Things   Summ           0%         N/A       100%        8


Dungeon Overview and Level Annotations

Branches:
Dungeon (10/15)            Temple (0/1) D:5            Lair (5/5) D:10
  Swamp (0/4) Lair:2        Snake (0/4) Lair:2        Slime (0/5) Lair:4
    Orc: D:9-12

Altars:
Ashenzari
Fedhas
Gozag
Hepliaklqana
Nemelex Xobeh
Okawaru
Ru
Sif Muna
Uskayaw
Vehumet
Wu Jian
Xom
Yredelemnul
Zin
The Shining One
Jiyva

Shops:
D:3 [   D:4 [   D:6 *

Annotations:
Lair:3 exclusion: oklob plant


Innate Abilities, Weirdness & Mutations

You have a pair of horns on your head.
You reflexively headbutt those who attack you in melee.


Message History

The bullfrog closely misses you. You furiously retaliate!
You headbutt the bullfrog! The blink frog barely misses you.
You block the cane toad's attack.
You feel better.
A nearby plant withers and dies.
The vampire mosquito closely misses you.
You furiously retaliate!
You headbutt the vampire mosquito! The cane toad completely misses you.
The bullfrog barely misses you. The blink frog hits you.
The cane toad stings you!!
* * * LOW HITPOINT WARNING * * *
You are poisoned.
The cane toad poisons you!
The blink frog blinks!
The vampire mosquito bites you.
* * * LOW HITPOINT WARNING * * *
The vampire mosquito draws strength from your injuries!
The cane toad stings you.
* * * LOW HITPOINT WARNING * * *
You are lethally poisoned!
The cane toad poisons you! The skyshark misses you.
The skyshark closely misses you. You block the skyshark's attack.
The cane toad stings you.
* * * LOW HITPOINT WARNING * * *
You block the blink frog's attack.
You are confused.
You feel invigorated.
* * * LOW HITPOINT WARNING * * *
You feel extremely sick. The vampire mosquito bites you!
* * * LOW HITPOINT WARNING * * *
The vampire mosquito draws strength from your injuries!
The blink frog blinks!
The cane toad misses you.
The blink frog hits you but does no damage.
The cane toad stings you but does no damage.
The vampire mosquito bites you but does no damage.
The blink frog hits you.
* * * LOW HITPOINT WARNING * * *
The blink frog blinks!
The cane toad stings you but does no damage.
The skyshark bites you!
You die...
Your body rises from the dead as a mindless zombie.

..#.#P..####
.........#.P##
..........#~P~##P
.................#.~~F~≈
............§......~~~~≈
...................~≈~~~
...........F...FFyS~~~~~
...............F@FF~~≈≈≈
...............§FF~~≈≈≈≈
................F.~~~≈≈≈
..............P..~~~~~~~
...........P.###...~~~~~
#...........## #...P~≈≈~
............## #..P.~~~~
............P####P.~.~~~
.#...........##.##.....


You could see a skyshark, 4 cane toads, 4 blink frogs, a vampire mosquito, a
bullfrog and an electric eel.

Vanquished Creatures
  A boulder beetle (Lair:1)
  2 two-headed ogres (D:10)
  6 death yaks (Lair:3)
  Sonja (D:10)
  A skyshark (Lair:4)
  Pikel (D:6)
  A black mamba (Lair:2)
  12 elephants
  A torpor snail (Lair:3)
  5 cane toads
  5 komodo dragons
  A troll (D:9)
  7 polar bears (Lair:3)
  A hornet (D:9)
  Grinder (D:4)
  13 blink frogs
  2 wyverns (Lair:3)
  2 shadows
  40 yaks
  Eustachio (D:6)
  2 basilisks
  A vampire mosquito (Lair:5)
  3 steam dragons
  A naga (Lair:2)
  8 water moccasins
  3 sky beasts (D:7)
  9 black bears
  3 orc warriors
  2 ogres
  4 centaurs
  6 bullfrogs
  2 kobold brigands (D:8)
  2 gnoll sergeants
  2 scorpions
  3 wights (D:7)
  4 killer bees (D:9)
  An electric eel (Lair:2)
  4 crimson imps (D:9)
  12 jellies (Lair:4)
  5 orc priests
  2 hounds (D:5)
  5 iguanas
  9 orc wizards
  10 gnolls
  9 adders
  A shadow imp (D:5)
  2 white imps
  An ufetubus (D:5)
  3 dart slugs
  A ribbon worm (D:2)
  22 orcs
  7 ball pythons
  10 endoplasms
  5 giant cockroaches
  10 goblins
  10 hobgoblins
  15 jackals
  3 quokkas
  9 bats
  A frilled lizard (D:3)
  14 kobolds
  2 rats (D:1)
332 creatures vanquished.

Vanquished Creatures (collateral kills)
  The ghost of Ruicvywi the Grappler, a journeyman OnSh of Okawaru (Lair:3)
  A death yak (Lair:3)
  A bog body (Lair:2)
  An elephant (Lair:3)
  A black mamba (Lair:2)
  A torpor snail (Lair:3)
  2 cane toads
  2 rime drakes
  A komodo dragon (Lair:4)
  2 blink frogs
  7 yaks
  A water moccasin (Lair:3)
  A black bear (Lair:3)
  A centaur (D:4)
  4 bullfrogs
  A bombardier beetle (D:5)
  A jelly (Lair:4)
  An orc wizard (D:6)
  2 gnolls
  An adder (D:5)
  An ufetubus (D:5)
  5 orcs
  2 jackals (D:5)
  A quokka (D:4)
42 creatures vanquished.

Vanquished Creatures (others)
  A death yak zombie (Lair:3)
  A black mamba zombie (Lair:2)
  A two-headed ogre zombie (D:10)
  A cane toad zombie (Lair:2)
  3 elephant zombies
  6 blink frog zombies
  A wyvern zombie (Lair:3)
  2 water moccasin zombies
  5 yak zombies
  2 centaur zombies
  A bullfrog zombie (Lair:3)
  5 black bear zombies
  A scorpion zombie (D:6)
  An ogre zombie (D:6)
  4 jelly zombies (Lair:4)
  A spectral shadow imp (D:5)
  2 adder zombies
  4 gnoll zombies
  A ball python zombie (D:4)
  3 endoplasm zombies
  A hobgoblin zombie (D:4)
  4 jackal zombies
  3 kobold zombies
  9 orc zombies
  A quokka zombie (D:4)
64 creatures vanquished.

Grand Total: 438 creatures vanquished

Notes
Turn   | Place    | Note
-------+----------+-------------------------------------------
     0 | D:1      | Sinnistrad the Minotaur Fighter began the quest for the
                  | Orb.
     0 | D:1      | Reached XP level 1. HP: 19/19 MP: 0/0
    69 | D:1      | Reached XP level 2. HP: 27/27 MP: 1/1
   391 | D:1      | Reached XP level 3. HP: 33/33 MP: 2/2
   437 | D:1      | Found a faded altar of an unknown god.
   644 | D:2      | Reached skill level 3 in Polearms
   720 | D:2      | Reached XP level 4. HP: 31/41 MP: 3/3
   783 | D:2      | Found a basalt altar of Yredelemnul.
   819 | D:2      | Became a worshipper of Yredelemnul the Dark
  1413 | D:3      | Found a shimmering blue altar of Sif Muna.
  1581 | D:3      | Reached * piety under Yredelemnul
  1583 | D:3      | Found Uzayt's Armour Boutique.
  1654 | D:3      | Found a sparkling altar of Nemelex Xobeh.
  1676 | D:3      | Reached skill level 4 in Polearms
  1676 | D:3      | Reached XP level 5. HP: 41/47 MP: 4/4
  2097 | D:4      | Found a glowing golden altar of the Shining One.
  2097 | D:4      | Found an ornate altar of the Wu Jian Council.
  2187 | D:4      | Noticed a centaur
  2210 | D:4      | HP: 2/47 [gnoll/+0 halberd (1)]
  2536 | D:4      | Noticed an ogre
  2548 | D:4      | Identified the +0 dagger "Raucs" {holy, rElec rPois Int-2}
  2551 | D:4      | Reached skill level 5 in Armour
  2558 | D:4      | Reached skill level 5 in Polearms
  2558 | D:4      | Reached XP level 6. HP: 49/53 MP: 5/5
  2610 | D:4      | HP: 1/53 [centaur/arrow (9)]
  2618 | D:4      | HP: 1/53 [centaur/arrow (2)]
  2971 | D:4      | Noticed Grinder
  2979 | D:4      | Killed Grinder
  2979 | D:4      | Reached ** piety under Yredelemnul
  2980 | D:4      | Reached skill level 5 in Fighting
  2980 | D:4      | Reached skill level 6 in Polearms
  2980 | D:4      | Reached skill level 1 in Dodging
  2980 | D:4      | Reached XP level 7. HP: 48/61 MP: 6/6
  3297 | D:4      | Found Ifeotura's Antique Armour Emporium.
  3483 | D:5      | Entered Level 5 of the Dungeon
  3494 | D:5      | Reached skill level 5 in Shields
  4128 | D:5      | Found a staircase to the Ecumenical Temple.
  4199 | D:5      | Identified the +1 shortbow of Hoimiamp {drain, rPois Str-2
                  | Int+4 Stlth+}
  4467 | D:6      | Noticed a steam dragon
  4491 | D:5      | Killed a steam dragon
  4492 | D:5      | Reached skill level 7 in Polearms
  4492 | D:5      | Reached XP level 8. HP: 48/70 MP: 7/7
  4974 | D:6      | Found Niohir's Assorted Antiques.
  5346 | D:6      | Noticed Pikel
  5362 | D:6      | Killed Pikel
  5363 | D:6      | Reached skill level 8 in Polearms
  5363 | D:6      | Reached XP level 9. HP: 42/78 MP: 8/8
  5491 | D:6      | Found a hazy altar of Hepliaklqana.
  5575 | D:6      | Noticed Eustachio
  5594 | D:6      | Killed Eustachio
  5640 | D:6      | Found a blossoming altar of Fedhas.
  5657 | D:6      | Found an iron altar of Okawaru.
  5884 | D:7      | Reached skill level 1 in Stealth
  5928 | D:7      | Found a flagged portal.
  5936 | D:7      | Reached skill level 9 in Polearms
  6133 | D:7      | Found a broken altar of Ashenzari.
  6591 | D:8      | Reached skill level 10 in Armour
  6918 | D:8      | Reached skill level 10 in Polearms
  7480 | D:8      | Found a glowing silver altar of Zin.
  7520 | D:8      | Found an opulent altar of Gozag.
  7761 | D:9      | Reached XP level 10. HP: 88/88 MP: 9/9
  7803 | D:9      | Found a shimmering altar of Xom.
  7852 | D:9      | Found a radiant altar of Vehumet.
  8160 | D:9      | Found a hide-covered altar of Uskayaw.
  8574 | D:10     | Entered Level 10 of the Dungeon
  8591 | D:10     | Noticed a two-headed ogre
  8700 | D:10     | Killed a two-headed ogre
  8701 | D:10     | Reached skill level 11 in Polearms
  8817 | D:10     | Noticed a two-headed ogre
  8824 | D:10     | Killed a two-headed ogre
  8859 | D:10     | Found a staircase to the Lair.
  8859 | D:10     | Noticed an elephant
  8877 | D:10     | Killed an elephant
  8882 | D:10     | Reached *** piety under Yredelemnul
  8974 | D:10     | Noticed Sonja
  8980 | D:10     | Killed Sonja
  8981 | D:10     | Reached skill level 12 in Polearms
  9119 | D:10     | Reached XP level 11. HP: 97/97 MP: 10/10
  9320 | D:10     | Found a sacrificial altar of Ru.
  9552 | Lair:1   | Entered Level 1 of the Lair of Beasts
  9568 | D:10     | Reached skill level 5 in Dodging
  9754 | Lair:1   | Noticed a boulder beetle
  9776 | Lair:1   | Killed a boulder beetle
  9840 | Lair:1   | Reached **** piety under Yredelemnul
  9972 | Lair:1   | Found a gate leading to a gauntlet.
 10021 | Lair:1   | Reached skill level 10 in Fighting
 10042 | Lair:1   | Reached skill level 13 in Polearms
 10162 | Lair:1   | Reached ***** piety under Yredelemnul
 10948 | Lair:2   | HP: 3/101 [electric eel/bolt of electricity (13)]
 11330 | Lair:2   | Found a staircase to the Snake Pit.
 11529 | Lair:2   | Reached XP level 12. HP: 74/108 MP: 11/11
 11671 | Lair:2   | Found a staircase to the Swamp.
 12917 | Lair:3   | Reached skill level 14 in Polearms
 13029 | Lair:3   | Identified the +7 battleaxe of the Butterfly {spect,
                  | ^Fragile Int+3 Dex+5}
 13045 | Lair:3   | Found a runed translucent gate.
 13045 | Lair:3   | Found a runed translucent gate.
 13045 | Lair:3   | Found a runed translucent gate.
 13125 | Lair:3   | Reached skill level 5 in Stealth
 13407 | Lair:3   | Noticed a death yak
 13408 | Lair:3   | Reached ****** piety under Yredelemnul
 13411 | Lair:3   | Noticed a death yak
 13413 | Lair:3   | Noticed a death yak
 13427 | Lair:3   | Killed a death yak
 13436 | Lair:3   | Killed a death yak
 13439 | Lair:3   | Killed a death yak
 13440 | Lair:3   | Reached XP level 13. HP: 73/119 MP: 12/12
 14311 | Lair:3   | Noticed Ruicvywi's ghost (journeyman OnSh)
 14355 | Lair:3   | Killed Ruicvywi's ghost
 14674 | Lair:4   | Found a viscous altar of Jiyva.
 14675 | Lair:4   | Found a staircase to the Slime Pits.
 15293 | Lair:4   | Reached skill level 15 in Polearms
 15735 | Lair:4   | Identified the +0 trident "Tushriuji" {drain, *Corrode rN++
                  | Str+2 SInv}
 16110 | Lair:5   | Entered Level 5 of the Lair of Beasts
 16182 | Lair:5   | HP: 3/123 [vampire mosquito (9)]
 16182 | Lair:5   | Slain by a skyshark

Illustrated notes

Levels and vault maps discovered:
D:1:      shiori_arrival_oz, layout_basic,
          hellmonk_ecumenical_altar_leap_of_faith, amethyst_killhole
D:2:      minmay_spotlight, layout_rooms, basic_altar
D:3:      layout_basic, lemuel_round_altar, nemelex_xobeh_ov_fountains_minmay,
          serial_shops, nicolae_shop_trees, roderic_serpentine_path
D:4:      minmay_clustersquares, layout_basic, gammafunk_temple_overflow_wave,
          serial_shops, shop, uniq_grinder
D:5:      layout_loops_ring, minmay_temple_entry_poolview, kennysheep_dice
D:6:      minmay_flawed_box, layout_rooms, worldfamousw_hep_ancestral_shrine,
          fedhas_altar_3, mainiacjoe_overflow_alcove_2, serial_shops,
          nicolae_shop_crystal, uniq_pikel, uniq_eustachio
D:7:      layout_loops_ring, mainiacjoe_overflow_chevrons, enter_bailey_5,
          nicolae_the_louvre
D:8:      layout_loops_ring, pdpol_temple_overflow_zin_treasury_gozag_greed
D:9:      layout_roguey, nicolae_vehumet_radiance, led_xom_imps,
          mainiacjoe_overflow_alcove_4
D:10:     layout_basic, kennysheep_mini_moat, david_lair_generic, uniq_sonja
Lair:1:   layout_small_grid, gauntlet_entry_generic
Lair:2:   layout_roguey, skrybe_swamp_entry_bodies, guppyfry_snake_entry_garden,
          chequers_serial_rivers_micro_a, serial_bayou_shore_a
Lair:3:   beast_lair_carwin_large_4, layout_layer_cave,
          ebering_ghost_rock_garden, serial_bayou_shore_b, grunt_megastairs_3
Lair:4:   layout_cave_pods, minmay_slime_entry_jelly_boxes
Lair:5:   minmay_lair_end_frog_pond, layout_hall_layers

Skill      XL: |  1  2  3  4  5  6  7  8  9 10 11 12 13 |
---------------+----------------------------------------+-----
Armour         | 4 5 6 7 9 10 11 12 13 14 | 14.3
Fighting       | 4 5 6 7 9 10 12 13 | 13.9
Shields        | 4 5 6 7 9 |  9.4
Polearms       | 3 4 5 6 7 8 10 12 13 14 15 | 15.0
Dodging        | 1 2 3 4 5 7 |  7.7
Stealth        | 1 2 4 5 |  5.8

Action                     |  1- 3 |  4- 6 |  7- 9 | 10-12 | 13-15 || total
---------------------------+-------+-------+-------+-------+-------++-------
  Melee: Trident           |    79 |   161 |    92 |       |       ||   332
         Headbutt          |     6 |     9 |    51 |   108 |    54 ||   228
         Spear             |       |       |   248 |   559 |   248 ||  1055
    Use: Potion            |     2 |     7 |     5 |     5 |     2 ||    21
         Scroll            |     2 |     6 |     6 |     1 |     4 ||    19
   Stab: Distracted        |       |       |       |     9 |     2 ||    11
         Sleeping          |       |       |       |       |     2 ||     2
 Armour: Scale mail        |    42 |    93 |   186 |   246 |    94 ||   661
  Dodge: Dodged            |    31 |    59 |   116 |   143 |    49 ||   398
  Block: Buckler           |     9 |    26 |    49 |    74 |    24 ||   182
